 Dungeon Crawl Stone Soup version 0.31-a0-659-gc5a091b79a (webtiles) character file.

Game seed: 15776478348151922102

13866 Gargoyl the Cleaver (level 12, -10/84 HPs)
             Began as a Gargoyle Berserker on Aug 31, 2023.
             Was an Elder of Trog.
             Mangled by an Executioner (17 damage)
             ... on level 2 of the Abyss.
             The game lasted 00:17:35 (10040 turns).

Gargoyl the Cleaver (Gargoyle Berserker)           Turns: 10040, Time: 00:17:35

Health: -10/84     AC: 26    Str: 22    XL:     12   Next: 10%
Magic:  12/12      EV: 10    Int:  8    God:    Trog [****..]
Gold:   898        SH:  0    Dex: 13    Spells: 11/11 levels left

rFire   + . .        j - +3 broad axe
rCold   . . .        (no shield)
rNeg    + . .        v - +2 chain mail {rF+}
rPois   ∞            r - +0 helmet
rElec   +            u - +0 cloak
rCorr   +            l - +0 pair of gloves
SInv    .            (no boots)
Will    .....        E - amulet of regeneration Stlth
                     h - ring of resist corrosion
HPRegen 1.14/turn    (no ring)
MPRegen 0.13/turn

%: no passive effects
@: about to teleport, flying
A: sickness immunity, AC +8, negative energy resistance 1, electricity
resistance, torment resistance 1, petrification resistance, big wings, sense
surroundings 1, robust 1, MP-powered wands
a: Renounce Religion, Berserk, Trog's Hand, Brothers in Arms


You were on level 2 of the Abyss.
You worshipped Trog.
Trog was greatly pleased with you.
You visited 1 branch of the dungeon, and saw 11 of its levels.
You visited the Abyss 1 time.
You also visited: Bailey.

You collected 1111 gold pieces.
You spent 213 gold pieces at shops.

Inventory:

Hand Weapons
 a - a +2 hand axe of freezing
 j - a +3 broad axe (weapon)
 y - a +0 broad axe of flaming
Missiles
 f - 60 poisoned darts (quivered)
 i - a throwing net
Armour
 l - a +0 pair of gloves (worn)
 r - a +0 helmet (worn)
 u - a +0 cloak (worn)
 v - a +2 chain mail of fire resistance (worn)
Jewellery
 h - a ring of resist corrosion (left hand)
 E - an amulet of regeneration (around neck)
Wands
 k - a wand of light (11)
 n - a wand of roots (16)
 s - a wand of paralysis (27)
Scrolls
 g - 5 scrolls of teleportation
 t - a scroll of fog {unknown}
 w - a scroll of enchant armour {unknown}
 x - 4 scrolls of identify
 C - a scroll of vulnerability
 F - a scroll of immolation
Potions
 b - 2 potions of brilliance {unknown}
 c - 2 potions of enlightenment
 d - 3 potions of might
 e - a potion of haste
 m - a potion of lignification {unknown}
 o - a potion of berserk rage {unknown}
 p - 6 potions of curing
 q - a potion of cancellation {unknown}
 z - a potion of attraction {unknown}
 A - a potion of magic {unknown}
 B - a potion of heal wounds {unknown}
 D - a potion of degeneration {unknown}


   Skills:
 + Level 10.3 Fighting
 + Level 12.9 Axes
 + Level 9.8 Armour
 + Level 4.3 Dodging
 + Level 1.7 Stealth


You had 11 spell levels left.
You didn't know any spells.
Your spell library was empty.

Dungeon Overview and Level Annotations

Branches:
Dungeon (11/15)            Temple (0/1) D:7            Lair (0/5) D:9
    Orc (0/2) D:10         Bailey (visited)

Altars:
Ashenzari
Cheibriados
Dithmenos
Elyvilon
Gozag
Hepliaklqana
Okawaru
Qazlal
Trog
Uskayaw
Xom
Zin

Shops:
D:1 (   D:2 ?


Innate Abilities, Weirdness & Mutations

You are immune to sickness and miasma.
Your stone body is resilient. (AC +8)
You are immune to poison.
You resist negative energy. (rN+)
You are resistant to electric shocks. (rElec)
You are resistant to unholy torment.
You are immune to petrification.
Your large and strong wings let you fly.
You passively map a small area around you.
You are robust. (+10% HP)
You expend magic power (3 MP) to strengthen your wands.


Message History

The Executioner hits you but does no damage. x4
The Executioner hits you.
The Executioner hits you but does no damage.
The Executioner hits you. The Executioner hits you!
The Executioner hits you but does no damage. x3
The Executioner closely misses you.
The Executioner hits you but does no damage.
The Executioner closely misses you.
The Executioner hits you but does no damage.
The Executioner barely misses you. The Executioner completely misses you.
The Executioner hits you but does no damage. x2
The Executioner hits you but does no damage. x3
The Executioner attacks as it pursues you!
The Executioner closely misses you. The Executioner barely misses you.
The Executioner hits you.
The Executioner hits you but does no damage. x2
The Executioner barely misses you.
The Executioner hits you but does no damage. x2
The Executioner barely misses you.
The Executioner attacks as it pursues you!
The Executioner hits you! The Executioner hits you.
* * * LOW HITPOINT WARNING * * *
The Executioner hits you but does no damage.
The Executioner closely misses you.
The Executioner hits you but does no damage. x2
The Executioner hits you!
* * * LOW HITPOINT WARNING * * *
The Executioner hits you but does no damage.
The Executioner misses you.
Okay, then.
Okay, then.
The Executioner hits you but does no damage. x3
The Executioner barely misses you.
The Executioner hits you but does no damage. x2
The Executioner hits you but does no damage. x3
The Executioner barely misses you. The Executioner closely misses you.
The Executioner hits you but does no damage.
The Executioner hits you!
You die...

#....#...#..#
#....##.#
#####.§#...#.#
#.#...##..#.#..
#.#
.#.*...#...#
#####.##..#.##.
##.
.....#.....##
#.. # #..1..##
#..# #...#@...#
.## .... #.##.#
... .####.# ..
... .#. .#.#
..#. .### .. #.
.. ..


You could see an Executioner (fast) and a lurking horror.

Vanquished Creatures
  3 two-headed ogres
  A large abomination (Abyss:2)
  3 ugly things
  Maurice (D:8)
  Joseph (D:8)
  A gargoyle (D:11)
  Jeremiah (D:8)
  2 kobold demonologists
  A troll (D:11)
  A hornet (D:9)
  3 raiju (Abyss:2)
  Sigmund (D:3)
  A wraith (D:8)
  2 vampires
  2 wyverns
  3 yaks (D:11)
  2 vampire mosquitoes (D:10)
  3 water moccasins
  2 acid dragons (D:8)
  A black bear (D:5)
  6 orc warriors
  A sky beast (D:7)
  An ogre (D:5)
  9 centaurs
  2 phantoms
  10 kobold brigands
  4 bullfrogs (D:8)
  A small abomination (Abyss:2)
  A gnoll sergeant (D:9)
  2 scorpions
  5 killer bees (D:8)
  9 howler monkeys
  8 electric eels (D:8)
  A hound (D:5)
  9 orc priests
  2 gnoll boudas (D:10)
  Terence (D:2)
  3 iguanas
  2 sleepcaps
  13 orc wizards
  20 gnolls
  7 adders
  3 shadow imps
  2 white imps
  3 ufetubi
  5 worms
  2 dart slugs
  39 orcs
  7 endoplasms
  4 giant cockroaches
  12 goblins
  8 hobgoblins
  18 jackals
  32 kobolds
  4 quokkas
  7 ball pythons
  3 bats
  2 frilled lizards
  7 rats
310 creatures vanquished.

Vanquished Creatures (collateral kills)
  A raiju (Abyss:2)
  2 wargs (D:9)
  An orc warrior (D:9)
  A quasit (Abyss:2)
  An orc priest (D:9)
6 creatures vanquished.

Vanquished Creatures (others)
  An orc (D:8)
  2 kobolds (D:8)
3 creatures vanquished.

Grand Total: 319 creatures vanquished

Notes
Turn   | Place    | Note
-------+----------+-------------------------------------------
     0 | D:1      | Gargoyl the Gargoyle Berserker began the quest for the Orb.
     0 | D:1      | Reached XP level 1. HP: 14/14 MP: 1/1
    61 | D:1      | Reached XP level 2. HP: 3/19 MP: 2/2
   184 | D:1      | You fall into a shaft and drop 1 floor!
   198 | D:2      | Reached skill level 3 in Axes
   415 | D:2      | Reached XP level 3. HP: 22/24 MP: 3/3
   415 | D:2      | Identified the +2 flail of Greed {heavy, *Noise rElec rF-
                  | Int+8}
   514 | D:1      | Found Iptox's Antique Weapon Boutique.
  1011 | D:2      | Noticed Terence
  1021 | D:2      | Killed Terence
  1022 | D:2      | Reached XP level 4. HP: 29/29 MP: 4/4
  1115 | D:2      | Reached skill level 4 in Axes
  1234 | D:2      | Reached XP level 5. HP: 33/33 MP: 5/5
  1240 | D:2      | Reached ** piety under Trog
  1256 | D:2      | Found Suekuch's Magic Scroll Boutique.
  1262 | D:2      | Bought a scroll of brand weapon for 123 gold pieces
  1594 | D:3      | Found a broken altar of Ashenzari.
  1642 | D:3      | Noticed Sigmund
  1675 | D:3      | Killed Sigmund
  1676 | D:3      | Reached skill level 5 in Axes
  1676 | D:3      | Reached XP level 6. HP: 39/39 MP: 6/6
  2350 | D:4      | Found an iron altar of Okawaru.
  2525 | D:4      | Reached XP level 7. HP: 28/44 MP: 7/7
  2700 | D:4      | Found a hazy altar of Hepliaklqana.
  2703 | D:4      | Reached *** piety under Trog
  3263 | D:5      | Entered Level 5 of the Dungeon
  3268 | D:5      | Reached skill level 5 in Fighting
  3273 | D:5      | Reached skill level 6 in Axes
  3295 | D:5      | Gained mutation: You passively map a small area around you.
                  | [potion of mutation]
  3295 | D:5      | Gained mutation: You are robust. (+10% HP) [potion of
                  | mutation]
  3295 | D:5      | Gained mutation: Your large and strong wings let you fly.
                  | [potion of mutation]
  3295 | D:5      | Gained mutation: You expend magic power (3 MP) to
                  | strengthen your wands. [potion of mutation]
  3440 | D:5      | Reached XP level 8. HP: 51/55 MP: 8/8
  3484 | D:5      | Found a snail-covered altar of Cheibriados.
  3694 | D:5      | Reached skill level 5 in Armour
  3750 | D:5      | Found a large runed translucent door.
  3945 | D:5      | Found a large runed translucent door.
  4156 | D:5      | Found a white marble altar of Elyvilon.
  4160 | D:5      | Reached skill level 7 in Axes
  4167 | D:5      | Found a bloodstained altar of Trog.
  4308 | D:6      | Reached **** piety under Trog
  4435 | D:6      | Reached XP level 9. HP: 43/60 MP: 9/9
  4436 | D:6      | Reached skill level 8 in Axes
  5127 | D:6      | Found a glowing silver altar of Zin.
  5131 | D:6      | Found Zin's Purification Station.
  5138 | D:6      | Bought a potion of curing for 90 gold pieces
  5294 | D:7      | Found a stormy altar of Qazlal.
  5593 | D:7      | Found a flagged portal.
  5608 | Bailey   | Entered a bailey
  5642 | Bailey   | Reached skill level 1 in Stealth
  5706 | Bailey   | Reached skill level 9 in Axes
  5820 | Bailey   | Found an iron altar of Okawaru.
  5838 | Bailey   | Reached XP level 10. HP: 15/69 MP: 10/10
  6135 | Bailey   | Identified the +3 leather armour of Vacebuko {Str+2}
  6246 | D:7      | Found a staircase to the Ecumenical Temple.
  6462 | D:7      | Found a hide-covered altar of Uskayaw.
  6535 | D:8      | Noticed Maurice
  6540 | D:8      | Paralysed by Maurice for 5 turns
  6554 | D:8      | Killed Maurice
  6569 | D:8      | Noticed Jeremiah
  6592 | D:8      | Killed Jeremiah
  6593 | D:8      | Reached skill level 10 in Axes
  7196 | D:8      | Found a shimmering altar of Xom.
  7272 | D:8      | Noticed a two-headed ogre
  7274 | D:8      | Noticed a kobold demonologist
  7278 | D:8      | Noticed a smoke demon
  7281 | D:8      | Killed a two-headed ogre
  7292 | D:8      | Noticed a soul eater
  7293 | D:8      | Killed a kobold demonologist
  7423 | D:8      | Reached skill level 11 in Axes
  7565 | D:8      | Noticed Joseph
  7581 | D:8      | Killed Joseph
  7582 | D:8      | Reached XP level 11. HP: 32/75 MP: 11/11
  8014 | D:8      | Identified the +11 plate armour "Fest" {rF+ Will+}
  8530 | D:9      | Noticed a two-headed ogre
  8539 | D:9      | Killed a two-headed ogre
  8612 | D:9      | Found a staircase to the Lair.
  8663 | D:9      | Found an opulent altar of Gozag.
  8768 | D:10     | Entered Level 10 of the Dungeon
  8770 | D:10     | Found a shadowy altar of Dithmenos.
  8873 | D:10     | Identified the +2 robe "Toan" {rC+ Regen+}
  8949 | D:10     | Noticed a cyan ugly thing
  8967 | D:10     | Killed a cyan ugly thing
  9052 | D:10     | Noticed a two-headed ogre
  9056 | D:10     | Killed a two-headed ogre
  9057 | D:10     | Reached skill level 12 in Axes
  9168 | D:10     | Reached ***** piety under Trog
  9203 | D:10     | Found a staircase to the Orcish Mines.
  9328 | D:11     | Noticed a soul eater
  9759 | D:11     | Noticed a red ugly thing
  9771 | D:11     | Killed a red ugly thing
  9819 | D:11     | Noticed a brown ugly thing
  9838 | D:11     | Killed a brown ugly thing
  9839 | D:11     | Reached skill level 10 in Fighting
  9906 | D:11     | Noticed a wizard
  9915 | Abyss:2  | Cast into level 2 of the Abyss (a wizard)
  9939 | Abyss:2  | Reached XP level 12. HP: 53/84 MP: 12/12
 10027 | Abyss:2  | Noticed an Executioner
 10037 | Abyss:2  | HP: 4/84 [Executioner (17)]
 10040 | Abyss:2  | Mangled by an Executioner

Illustrated notes

Levels and vault maps discovered:
D:1:      psy_arrival_spokes, layout_basic, serial_shops,
          nicolae_shop_waterfront, nrook_mini_backslash
D:2:      minmay_evil_eye, layout_rooms, serial_shops, shop, uniq_terence
D:3:      layout_loops_cross, nicolae_ashenzari_skybound, serial_rivers,
          chequers_serial_rivers_room_a, chequers_serial_rivers_small_3,
          chequers_serial_rivers_micro_e, chequers_serial_rivers_room_b,
          uniq_sigmund
D:4:      layout_basic, nicolae_hepliaklqana_hazy_memory,
          mainiacjoe_overflow_tiny_flanked, hangedman_decor_slide_cut
D:5:      layout_loops_ring, mainiacjoe_overflow_boulevard,
          jmf_multi_god_temple2, chequers_serial_rivers_micro_c
D:6:      layout_gridville, zin_purify, chequers_serial_rivers_micro_d,
          minmay_liquid_box, centaur_isle
D:7:      layout_loops_ring, mainiacjoe_overflow_small_starburst,
          kennysheep_little_box, minmay_temple_entry_stoned_glass,
          enter_bailey_3
D:8:      minmay_blocky_corners, layout_basic, nicolae_overflow_crystal_walls,
          serial_bayou_lake_a, uniq_maurice, uniq_joseph, uniq_jeremiah
D:9:      layout_roguey, grunt_gozag_statues, erik_lair_orcish_takeover
D:10:     layout_roguey, nicolae_dithmenos_the_darkroom, orc_0_dummy
D:11:     layout_irregular_city, lightli_wizard_tower
Abyss:2:  base:
D:11

Skill      XL: |  1  2  3  4  5  6  7  8  9 10 11 |
---------------+----------------------------------+-----
Axes           | 3 4 5 6 7 9 11 12 | 12.9
Fighting       | 4 5 6 7 8 10 | 10.3
Dodging        | 2 3 4 |  4.3
Armour         | 3 4 5 7 8 9 |  9.8
Stealth        | 1 |  1.7

Action                     |  1- 3 |  4- 6 |  7- 9 | 10-12 || total
---------------------------+-------+-------+-------+-------++-------
  Melee: Hand axe          |    97 |   165 |   343 |       ||   605
         Punch             |     1 |       |     3 |     7 ||    11
         Broad axe         |       |       |       |   378 ||   378
  Throw: Dart              |       |       |       |     1 ||     1
 Invoke: Berserk           |     4 |     3 |     6 |     7 ||    20
         Trog's Hand       |       |       |     2 |     2 ||     4
         Brothers in Arms  |       |       |       |     2 ||     2
    Use: Scroll            |     4 |     3 |     6 |     1 ||    14
         Potion            |       |       |     1 |       ||     1
 Armour: Animal skin       |    68 |       |       |       ||    68
         Chain mail        |       |   143 |   297 |   526 ||   966
         Scale mail        |       |       |    22 |       ||    22
  Dodge: Dodged            |    77 |    75 |   184 |   258 ||   594

Table legend: (Time is in decaauts)
 A = Elapsed time spent in this place.
 B = Non-inter-level travel time spent in this place.
 C = Inter-level travel time spent in this place.
 D = Time resting spent in this place.
 E = Time spent auto-exploring this place.
 F = Levels seen in this place.
 G = Mean time per level.
                   A        B        C        D        E       F      G
               +--------+--------+--------+--------+--------+-----+--------+
         Total |  10253 |  10065 |    188 |    859 |   6550 |  13 |  788.7 |
       Dungeon |   9540 |   9352 |    188 |    586 |   6290 |  11 |  867.3 |
         Abyss |    123 |    123 |      0 |      0 |     68 |   1 |  123.0 |
        Bailey |    589 |    589 |      0 |    272 |    192 |   1 |  589.0 |
               +--------+--------+--------+--------+--------+-----+--------+

Top non-repeatable levels by time:
     D:8: 1718 daAuts
     D:4: 1090 daAuts
     D:6: 1001 daAuts
     D:5: 936 daAuts
     D:7: 776 daAuts
     D:1: 772 daAuts
     D:3: 772 daAuts
     D:2: 729 daAuts
    D:11: 607 daAuts
  Bailey: 589 daAuts
     D:9: 578 daAuts
    D:10: 556 daAuts
 Abyss:2: 123 daAuts
